 Dungeon Crawl Stone Soup version 0.31-a0-222-gefeffbb62a (webtiles) character file.

Game seed: 4578144975230428878

75 qw the Shooter (level 4, -1/26 HPs)
             Began as a Gargoyle Hexslinger on July 4, 2023.
             Slain by a goblin
             ... wielding a +0 dagger
             ... led by Robin
              (5 damage)
             ... on level 2 of the Dungeon.
             The game lasted 00:00:31 (1584 turns).

qw the Shooter (Gargoyle Hexslinger)                Turns: 1584, Time: 00:00:32

Health: -1/26      AC:  8    Str: 11    XL:     4   Next: 31%
Magic:  5/5        EV: 10    Int: 14    God:
Gold:   102        SH:  0    Dex: 14    Spells: 4/5 levels left

rFire   . . .        Y - +0 shortbow
rCold   . . .        (shield currently unavailable)
rNeg    + . .        d - +0 ring mail
rPois   inf          (no helmet)
rElec   +            (no cloak)
rCorr   .            (no gloves)
SInv    .            (no boots)
Will    .....        (no amulet)
Stlth   +            (no ring)
HPRegen 0.24/turn    (no ring)
MPRegen 0.09/turn

%: no passive effects
@: about to teleport
A: sickness immunity, AC +3, negative energy resistance 1, electricity
resistance, torment resistance 1, petrification resistance
a: no special abilities


You were on level 2 of the Dungeon.
You visited 1 branch of the dungeon, and saw 3 of its levels.

You collected 102 gold pieces.


Innate Abilities, Weirdness & Mutations

You are immune to sickness and miasma.
Your stone body is resilient. (AC +3)
You are immune to poison.
You resist negative energy. (rN+)
You are resistant to electric shocks. (rElec)
You are resistant to unholy torment.
You are immune to petrification.


   Skills:
 - Level 2.0 Fighting
 - Level 4.0 Ranged Weapons
 + Level 0.5 Armour
 - Level 1.5 Dodging
 - Level 1.0 Spellcasting
 - Level 2.6 Hexes


You had 4 spell levels left.
You knew the following spells:

 Your Spells              Type           Power      Damage    Failure   Level
a - Slow                  Hex            32%        N/A       22%         1

Your spell library contained the following spells:

 Spells                   Type           Power      Damage    Failure   Level
 Inner Flame              Hex/Fire       4%         N/A       73%         3
 Portal Projectile        Hex/Tloc       8%         N/A       73%         3
 Cause Fear               Hex            4%         N/A       91%         4

Inventory:

Hand Weapons
 Y - a +0 shortbow (weapon)
Armour
 d - a +0 ring mail (worn)
Scrolls
 c - a scroll of enchant weapon {unknown}
Potions
 b - a potion of degeneration {unknown}
 e - a potion of heal wounds {unknown}
 f - a potion of curing {unknown}
 g - a potion of lignification {unknown}

Dungeon Overview and Level Annotations

Branches:
Dungeon (3/15)

Altars:

Annotations:
D:2 Robin


Message History

The goblin hits you but does no damage.
You shoot an arrow. The arrow hits Robin.
Robin is heavily wounded.
The goblin hits you with a +0 dagger. Robin closely misses you.
You shoot an arrow.
The arrow hits Robin but does no damage.
Robin is heavily wounded.
The goblin hits you but does no damage. Robin hits you but does no damage.
You shoot an arrow. The arrow hits Robin.
Robin is heavily wounded.
Robin barely misses you. The goblin misses you.
The goblin hits you with a +0 dagger. The goblin hits you with a +0 club.
Robin throws the goblin at you!
You shoot an arrow. The arrow hits Robin.
Robin is severely wounded.
The goblin hits you but does no damage. x2
Robin roars a battlecry!
The goblins go into a battle-frenzy!
You shoot an arrow.
The arrow hits Robin but does no damage.
Robin is severely wounded.
A goblin comes into view. It is wielding a +0 dagger.
The goblin barely misses you. The goblin hits you with a +0 dagger.
Robin closely misses you.
You shoot an arrow. The arrow completely misses Robin.
The goblin shouts!
The goblin hits you with a +0 club.
Robin roars a battlecry!
The goblin hits you but does no damage. The goblin hits you with a +0 dagger.
A goblin comes into view. It is wielding a +0 dagger.
Robin completely misses you. The goblin hits you with a +0 club.
The goblin shouts!
You shoot an arrow. The arrow barely misses Robin.
You hear a shout!
The goblin hits you with a +0 dagger. The goblin hits you with a +0 club.
1584 ||| READING scroll of teleportation.
As you read the scroll of teleportation, it crumbles to dust.
You feel strangely unstable. The goblin hits you but does no damage.
The goblin hits you with a +0 dagger.
You die...

.#.##.# #.###(###.# #.#
#.###.#
.#.##.####...#..#.##
#.# #.....#
........###..#.#..# #.#
#######
.).....^###.....#.# #.#
##.##...##.[......# ..#
#.##.............#
#.###%.##.#.....####.##
.........###..g.g.....#
#####.###.#...#@)......
#.# #.###.g).....# #.#
#. #........# #.# #
#$..?g...# #.
##.......# ......g.#
#.####.## .!# .#


You could see Robin and 4 goblins.

Vanquished Creatures
  A gnoll (D:1)
  2 adders
  A worm (D:2)
  An orc (D:3)
  An endoplasm (D:1)
  2 giant cockroaches (D:1)
  5 goblins
  3 hobgoblins
  4 jackals (D:1)
  2 quokkas
  4 ball pythons
  5 bats
  A frilled lizard (D:3)
  6 kobolds
  5 rats
43 creatures vanquished.

Notes
Turn   | Place    | Note
-------+----------+-------------------------------------------
     0 | D:1      | qw the Gargoyle Hexslinger began the quest for the Orb.
     0 | D:1      | Reached XP level 1. HP: 12/12 MP: 2/2
     0 | D:1      | 0 ||| qw: Version: 0.3-a-46-gb1f654a
     0 | D:1      | 0 ||| qw: Game counter: 927
     0 | D:1      | 0 ||| qw: Melee chars always use a shield: true
     0 | D:1      | 0 ||| qw: God list: Okawaru
     0 | D:1      | 0 ||| qw: Allow faded altars: false
     0 | D:1      | 0 ||| qw: Do Orc after clearing Dungeon:15 true
     0 | D:1      | 0 ||| qw: Do second Lair branch before Depths: true
     0 | D:1      | 0 ||| qw: Lair rune preference: random
     0 | D:1      | 0 ||| qw: Goals: Normal
     0 | D:1      | 0 ||| PLANNING D:1-11
   347 | D:1      | Reached XP level 2. HP: 16/16 MP: 3/3
   572 | D:1      | Reached skill level 3 in Ranged Weapons
   835 | D:1      | Reached XP level 3. HP: 20/20 MP: 4/4
   949 | D:1      | 949 ||| UPGRADING to +0 ring mail.
   959 | D:1      | 959 ||| DROPPING +0 robe.
   960 | D:1      | 960 ||| READING scroll labelled SOGOCRI PUJU.
   961 | D:1      | 961 ||| READING scroll labelled LOS BIKHLEPAATH.
   962 | D:1      | 962 ||| DROPPING scroll of poison.
  1087 | D:2      | You fall into a shaft and drop 1 floor!
  1274 | D:3      | 1274 ||| SWAPPING to +0 shortbow.
  1278 | D:3      | 1278 ||| DROPPING +1 sling.
  1298 | D:3      | 1298 ||| DROPPING ring of magical power.
  1299 | D:3      | 1299 ||| READING scroll labelled FUSEIMAU TANI.
  1304 | D:3      | 1304 ||| READING scroll labelled TEOBEI XAIMO.
  1373 | D:2      | Reached XP level 4. HP: 25/26 MP: 5/5
  1477 | D:2      | Reached skill level 4 in Ranged Weapons
  1568 | D:2      | Noticed Robin
  1583 | D:2      | HP: 6/26 [goblin/+0 dagger[Robin] (2)]
  1584 | D:2      | 1584 ||| READING scroll of teleportation.
  1584 | D:2      | Slain by a goblin

Levels and vault maps discovered:
D:1:      elethiomel_arrival_maze, layout_basic, minmay_misc_feat_diagonals,
          grunt_decor_resistance, nicolae_grassy_gnolls
D:2:      layout_loops_ring, uniq_robin
D:3:      cheibrodos_greedy_goblins, layout_loops_ring, st_stairs_2,
          minmay_circle_x, uniq_terence

Skill      XL: |  1  2  3  4 |
---------------+-------------+-----
Ranged Weapons | 3 4 |  4.0
Fighting       | 2 |  2.0
Armour         | |  0.5
Dodging        | |  1.5
Spellcasting   | |  1.0
Hexes          | |  2.6

Action                     |  1- 3 |  4- 6 || total
---------------------------+-------+-------++-------
   Fire: Sling             |    73 |       ||    73
         Shortbow          |    17 |    45 ||    62
    Use: Scroll            |     4 |     1 ||     5
 Armour: Robe              |     3 |       ||     3
         Ring mail         |    19 |    26 ||    45
  Dodge: Dodged            |    17 |    27 ||    44

Table legend:
 A = Non-vault XP
 B = Vault XP
 C = Vault XP percentage of total XP
 D = Non-vault monster count
 E = Vault monster count
 F = Vault count percentage of total count
                 A         B        C        D         E       F
            +---------+---------+-------+---------+---------+-------
      Total |      75 |      33 |  30.6 |      32 |      11 |  25.6
            +---------+---------+-------+---------+---------+-------
        D:1 |      27 |      14 |  34.1 |      17 |       1 |   5.6
        D:2 |      32 |       8 |  20.0 |      11 |       4 |  26.7
        D:3 |      16 |      11 |  40.7 |       4 |       6 |  60.0
            +---------+---------+-------+---------+---------+-------
